AoeStats
← Chaac1706

Glade

503471169Analyzed
1v1 RM · 1mo ago on Aug 31, 2026· 42m 39s· 2 players
Game mode
Random Map
Map size
Tiny (2 player)
Population
200
Speed
Normal
Resources
Standard
Victory
Conquest
Starting age
Dark Age
Ending age
Imperial Age
RankedLock teamsTeams togetherTeam positionsShared explorationLock speedFull tech treeHidden civsTurbo modeCheats
Victory
Defeat
🇺🇸 Khmer · United States
1200
+14
🇨🇴 Muisca · Colombia
1165
-14
WoodyMercury901
4:43 Loom
11:32 Feudal Age
18:17 Castle Age
16:22 Double-Bit Axe
16:39 Horse Collar
17:11 Gold Mining
17:34 Stone Mining
19:15 Wheelbarrow
30:44 Imperial Age
29:49 Bow Saw
31:41 Double Crossbow
32:28 Gold Shaft Mining
33:02 Bloodlines
34:35 Chemistry
33:38 Husbandry
32:58 Light Cavalry
35:02 Devotion
36:09 Siege Engineers
38:38 Hand Cart
38:25 Elite Ballista Elephant
39:40 Heavy Plow
40:04 Conscription
Chaac1706
10:15 Feudal Age
12:09 Double-Bit Axe
16:05 Castle Age
14:48 Scale Mail Armor
14:51 Horse Collar
15:41 Gold Mining
15:55 Champi Runner
18:45 Squires
20:49 Loom
21:40 Chain Mail Armor
24:31 Wheelbarrow
23:32 Champi Warrior
25:11 Forging
26:54 Town Watch
27:50 Hand Cart
28:10 Sanctity
28:02 Fervor
32:04 Imperial Age
30:20 Bow Saw
30:47 Gold Shaft Mining
30:04 Stone Mining
30:41 Heavy Plow
31:29 Redemption
32:02 Stone Shaft Mining
33:23 Conscription
33:27 Block Printing
33:50 Theocracy
32:41 Onager
34:40 Illumination
35:53 Elite Temple Guard
39:24 Iron Casting
39:19 Plate Mail Armor
38:40 Fletching
38:50 Padded Archer Armor
Connection lost

Rejoining the realm…

Still unreachable

The connection could not be restored.

Session expired

The server has moved on; the page needs a fresh start.